Map: Simulacrum LE

Players

OldGreg - Winner!

  • Race: Protoss Protoss
  • League: Diamond
  • Spawn Location: 5:00

lIIlIlllIIll

  • Race: Zerg Zerg
  • Spawn Location: 11:00

VOD

Have the link to the VOD?

Description

Time

  • Played on: Jan. 26, 2020, 9:45 p.m.
  • Length: 22:49
Show
View Real Time Build Order
Export as new Build Order

OldGreg Protoss - Winner!

Build Orders:  

Get SALT Encoding   

  12  0:01  Probe (Chrono Boost)  
  13  0:12  Probe (Chrono Boost)  
  14  0:16  Probe (Chrono Boost)  
  15  0:30  Pylon  
  15  0:48  Probe  
  16  0:51  Forge  
  16  0:52  Gateway  
  16  1:00  Probe (Chrono Boost)  
  17  1:10  Assimilator  
  18  1:11  Probe (Chrono Boost)  
  18  1:12  Assimilator  
  18  1:19  Probe  
  19  1:33  Pylon  
  19  1:34  Pylon  
  19  1:35  Pylon  
  19  1:45  Pylon  
  19  1:52  Photon Cannon  
  19  1:59  Photon Cannon  
  19  2:07  Photon Cannon  
  19  2:21  Photon Cannon  
  19  2:25  Pylon  
  19  2:34  Photon Cannon  
  19  2:48  Pylon  
  19  2:54  Assimilator  
  19  2:56  Assimilator  
  19  3:04  Probe (Chrono Boost)  
  20  3:07  Cybernetics Core  
  20  3:10  Photon Cannon  
  20  3:14  Pylon  
  20  3:40  Probe (Chrono Boost)  
  21  3:50  Probe (Chrono Boost)  
  21  3:52  Nexus  
  21  3:55  Probe (Chrono Boost)  
  23  4:06  Probe  
  24  4:12  Pylon  
  24  4:18  Probe  
  25  4:30  Probe  
  25  4:31  Stargate  
  26  4:38  Stargate  
  26  4:45  Zealot  
  28  4:56  Probe  
  29  5:00  Photon Cannon  
  31  5:14  Assimilator  
  31  5:16  Assimilator  
  31  5:21  Void Ray (Chrono Boost)  
  33  5:24  Probe  
  34  5:33  Void Ray (Chrono Boost)  
  34  5:42  Pylon  
  38  5:44  Probe  
  38  5:47  Probe  
  40  5:56  Probe  
  41  6:00  Probe  
  42  6:09  Probe (Chrono Boost)  
  43  6:12  Probe (Chrono Boost)  
  43  6:16  Oracle  
  47  6:20  Probe (Chrono Boost)  
  47  6:22  Probe (Chrono Boost)  
  47  6:25  Probe (Chrono Boost)  
  49  6:28  Oracle (Chrono Boost)  
  53  6:37  Pylon  
  53  6:50  Photon Cannon  
  53  6:51  Pylon  
  53  6:54  Oracle (Chrono Boost)  
  56  7:11  Nexus  
  62  7:44  Stargate  
  56  8:05  Phoenix  
  56  8:06  Phoenix  
  60  8:14  Photon Cannon  
  60  8:19  Pylon  
  60  8:20  Probe  
  60  8:22  Pylon  
  60  8:23  Probe  
  62  8:29  Pylon  
  62  8:30  Phoenix  
  62  8:31  Phoenix  
  66  8:38  Phoenix  
  68  8:44  Probe  
  68  8:45  Pylon  
  68  8:46  Probe  
  70  8:56  Phoenix  
  70  8:58  Probe, Photon Cannon  
  70  9:29  Photon Cannon  
  70  9:31  Photon Cannon  
  70  9:36  Assimilator  
  70  9:37  Fleet Beacon  
  70  9:40  Assimilator  
  70  9:44  Probe  
  71  9:51  Shield Battery  
  71  9:54  Photon Cannon  
  71  9:56  Probe  
  71  9:57  Probe  
  73  10:09  Probe x2  
  69  10:21  Oracle  
  69  10:22  Oracle x2  
  69  10:27  Stargate  
  78  10:29  Probe  
  79  10:39  Probe  
  79  10:41  Probe  
  81  10:52  Probe  
  81  10:53  Probe  
  83  11:04  Probe  
  84  11:06  Tempest x2 (Chrono Boost)  
  84  11:07  Tempest (Chrono Boost)  
  99  11:15  Tempest (Chrono Boost)  
  99  11:18  Probe  
  104  11:30  Shield Battery  
  104  11:32  Probe  
  105  11:38  Shield Battery  
  105  11:40  Shield Battery  
  105  11:44  Pylon, Probe  
  106  11:50  Shield Battery  
  106  11:51  Tempest (Chrono Boost)  
  106  11:53  Shield Battery  
  111  11:56  Probe  
  112  12:04  Tempest  
  117  12:14  Photon Cannon  
  117  12:15  Shield Battery, Photon Cannon  
  117  12:21  Tempest  
  122  12:30  Photon Cannon  
  122  13:14  Pylon  
  122  13:19  Shield Battery  
  122  13:21  Shield Battery  
  122  13:22  Oracle  
  122  13:23  Oracle x2  
  131  13:33  Oracle  
  134  13:59  Oracle  
  134  14:00  Oracle  
  134  14:01  Pylon  
  140  14:02  Pylon  
  140  14:19  Oracle x2  
  146  14:37  Oracle x2  
  152  14:40  Pylon  
  152  14:41  Pylon  
  152  14:43  Warp Gate (Chrono Boost), Pylon  
  152  14:45  Pylon  
  152  14:53  Gateway  
  152  14:54  Gateway  
  152  14:56  Oracle, Gateway  
  152  14:58  Oracle, Gateway  
  158  15:02  Gateway  
  158  15:03  Gateway  
  158  15:05  Gateway  
  158  15:13  Pylon  
  161  15:20  Twilight Council  
  167  15:38  Void Ray x2  
  167  15:39  Void Ray x2  
  162  15:45  Stalker x3  
  162  15:46  Stalker  
  170  15:53  Photon Cannon  
  157  16:15  Stalker x3  
  163  16:21  Void Ray x3  
  164  16:47  Void Ray  
  162  17:02  Dark Shrine  
  162  17:03  Stalker, Templar Archives  
  162  17:04  Stalker x3, Void Ray  
  174  17:24  Stalker x3  
  176  17:30  Void Ray  
  180  17:44  Stalker  
  180  17:45  Stalker x2  
  186  17:57  Psionic Storm  
  186  18:00  High Templar  
  167  18:25  Pylon  
  167  18:27  Pylon  
  152  18:45  High Templar x5  
  162  19:08  High Templar x2  
  166  19:25  Nexus  
  166  19:29  Stalker  
  156  20:04  Stalker x4  
  164  20:14  Pylon  
  164  20:33  Nexus  
  164  20:39  Nexus  
  128  21:23  Archon x3  
  98  21:32  High Templar x3  
  92  21:33  High Templar x2  
  100  21:46  Stalker x2  
Show
View Real Time Build Order
Export as new Build Order

lIIlIlllIIll Zerg 

Build Orders: Hatch First 

Get SALT Encoding   

  12  0:01  Drone  
  13  0:10  Drone  
  14  0:17  Overlord  
  14  0:35  Drone x2  
  16  0:36  Drone  
  17  0:54  Hatchery  
  16  0:57  Drone  
  17  1:11  Spawning Pool  
  17  1:15  Drone  
  17  1:18  Drone  
  18  1:21  Drone  
  19  1:29  Drone  
  20  1:59  Spine Crawler  
  19  2:02  Spine Crawler  
  19  2:03  Queen, Zergling x2  
  19  2:04  Zergling x2  
  22  2:09  Spine Crawler  
  19  2:33  Spine Crawler  
  18  2:50  Zergling x2  
  19  3:02  Drone x3  
  21  3:13  Hatchery  
  20  3:25  Drone x2  
  20  3:26  Overlord  
  22  3:47  Hatchery  
  21  3:52  Overlord, Extractor  
  21  3:54  Drone x2  
  22  3:57  Overlord  
  22  4:02  Overlord  
  22  4:06  Drone  
  23  4:11  Extractor  
  22  4:25  Queen  
  22  4:26  Drone  
  22  4:30  Drone x2  
  22  4:31  Drone  
  28  4:36  Drone x2  
  30  4:43  Drone  
  30  4:45  Drone  
  32  4:56  Drone x2  
  34  5:02  Drone  
  34  5:05  Drone x2  
  37  5:08  Lair  
  37  5:14  Spore Crawler  
  36  5:26  Drone x2  
  36  5:28  Drone x2  
  40  5:40  Queen  
  40  5:41  Queen  
  44  5:43  Metabolic Boost  
  44  5:48  Evolution Chamber  
  43  5:56  Drone x3  
  46  5:57  Drone x3  
  49  6:10  Spire  
  48  6:32  Spore Crawler  
  47  6:40  Drone  
  47  6:41  Drone x10  
  47  6:43  Spore Crawler  
  57  6:51  Drone  
  58  6:54  Extractor  
  58  6:56  Extractor  
  58  7:00  Extractor  
  55  7:01  Extractor  
  54  7:09  Roach Warren  
  54  7:10  Evolution Chamber, Zerg Missile Weapons Level 1  
  52  7:22  Spore Crawler  
  51  7:23  Mutalisk x3  
  57  7:30  Overlord  
  57  7:35  Spore Crawler  
  57  7:43  Drone  
  58  7:44  Drone x4  
  56  7:59  Drone  
  56  8:00  Drone x5  
  56  8:01  Drone x4  
  62  8:16  Zerg Ground Armor Level 1  
  62  8:18  Hydralisk Den  
  62  8:19  Roach Warren  
  60  8:22  Hatchery  
  59  8:36  Drone  
  59  8:37  Drone x6  
  59  8:38  Overlord  
  59  8:39  Overlord x3  
  66  8:51  Grooved Spines  
  66  8:54  Overseer  
  66  8:59  Hydralisk x3, Roach  
  66  9:00  Hydralisk x2  
  66  9:01  Hydralisk  
  80  9:04  Hydralisk  
  75  9:10  Hydralisk  
  75  9:11  Hydralisk x2  
  75  9:13  Drone  
  75  9:15  Drone  
  79  9:22  Hydralisk  
  79  9:23  Hydralisk  
  79  9:25  Drone  
  79  9:30  Drone x2  
  82  9:31  Drone  
  82  9:37  Drone x2  
  82  9:38  Drone  
  86  9:44  Drone x3  
  89  9:54  Drone  
  89  9:55  Drone x5  
  95  10:00  Drone x3  
  95  10:01  Drone x2  
  95  10:03  Muscular Augments  
  99  10:10  Drone  
  99  10:11  Drone x3  
  97  10:22  Drone  
  97  10:23  Drone x6  
  97  10:26  Extractor  
  97  10:27  Extractor  
  102  10:30  Drone  
  102  10:31  Drone  
  102  10:32  Zerg Missile Weapons Level 2  
  102  10:35  Zerg Ground Armor Level 2  
  104  10:39  Overlord  
  104  10:51  Spore Crawler  
  104  10:52  Spore Crawler  
  101  11:12  Drone x8  
  101  11:13  Drone x4, Hatchery  
  101  11:14  Hatchery  
  101  11:16  Glial Reconstitution  
  111  11:23  Infestation Pit, Queen  
  112  11:29  Overlord x5  
  112  11:43  Overlord  
  112  11:44  Overlord x2  
  112  11:52  Hydralisk  
  112  11:53  Hydralisk x6  
  126  12:06  Zerg Flyer Weapons Level 1  
  126  12:09  Hive, Spire  
  125  12:19  Overlord x2  
  124  12:35  Extractor x2  
  122  12:39  Hydralisk  
  122  12:40  Hydralisk x12  
  122  12:42  Extractor x2  
  146  12:55  Corruptor x4  
  146  12:56  Corruptor  
  156  12:58  Drone  
  156  12:59  Drone  
  156  13:00  Drone  
  149  13:36  Hatchery  
  138  13:45  Hatchery  
  136  14:00  Corruptor x2  
  136  14:01  Corruptor x7  
  154  14:03  Zerg Flyer Weapons Level 2  
  154  14:05  Zerg Flyer Armor Level 1  
  154  14:07  Viper x2  
  154  14:08  Roach  
  155  14:20  Zergling x2  
  155  14:21  Zergling x4  
  158  14:28  Corruptor x2  
  158  14:29  Corruptor x3  
  158  14:30  Corruptor  
  170  14:39  Corruptor x2  
  174  14:47  Drone x3  
  174  14:48  Drone  
  174  14:52  Zerg Missile Weapons Level 3  
  178  14:57  Drone x4  
  178  14:58  Drone  
  183  15:00  Extractor  
  183  15:01  Corruptor  
  183  15:04  Extractor  
  183  15:21  Corruptor x4  
  183  15:28  Drone  
  191  15:29  Drone x4  
  191  15:30  Drone x3  
  198  15:45  Overlord x2  
  198  16:15  Corruptor x2  
  192  16:22  Corruptor x2  
  168  16:45  Hydralisk x6  
  161  17:10  Drone x4, Hatchery  
  161  17:13  Hatchery  
  163  17:21  Corruptor  
  163  17:22  Hatchery, Corruptor  
  164  17:24  Corruptor  
  164  17:25  Corruptor  
  156  17:45  Hydralisk x3  
  151  18:11  Corruptor  
  151  18:12  Corruptor  
  152  18:54  Drone x5  
  157  19:17  Drone x2  
  157  19:18  Drone  
  156  20:02  Drone x8  
  164  20:30  Hydralisk  
  168  20:42  Roach  
  168  20:54  Roach  
  129  21:23  Roach x4  
  129  21:25  Roach  
Tags
 
League
Diamond
Matchup
PvZ
Spawn Locations
Cross Positions
Add a new tag
Caveats
  • Supply blocks, unpowered buildings, or Contaminate may cause inaccurate times.
  • Supply counts are checked every 10 seconds.